 Dungeon Crawl Stone Soup version 0.27.1-33-g824d729ab1 (webtiles) character file.

Game seed: 12270379629728925704

5247 Naukatti the Cleaver (level 10, -5/88 HPs)
             Began as a Minotaur Berserker on Nov 22, 2021.
             Was a Priest of Trog.
             Killed from afar by a rakshasa (illusionary) (11 damage)
             ... with a lance of force
             ... on level 9 of the Dungeon on Nov 27, 2021.
             The game lasted 00:51:51 (9707 turns).

Naukatti the Cleaver (Minotaur Berserker)           Turns: 9707, Time: 00:51:52

Health: -5/88      AC: 19    Str: 25    XL:     10   Next: 36%
Magic:  9/9        EV: 28    Int:  4    God:    Trog [***...]
Gold:   157        SH:  0    Dex: 10    Spells: 9/9 levels left

rFire    . . .     SeeInvis .   a - +0 hand axe
rCold    . . .     Faith    .   (no shield)
rNeg     . . .     Spirit   .   B - +0 plate armour
rPois    .         Reflect  .   (helmet restricted)
rElec    .         Harm     .   (no cloak)
rCorr    .         Rampage  .   (no gloves)
Will     .....                  C - +0 pair of boots
Stlth    ..........             E - amulet of the acrobat
HPRegen  0.24/turn              d - +4 ring of evasion
MPRegen  0.11/turn              k - +4 ring of protection

@: acrobatic
A: horns 2, retaliatory headbutt
a: Renounce Religion, Berserk, Trog's Hand


You were on level 9 of the Dungeon.
You worshipped Trog.
Trog was most pleased with you.
You visited 1 branch of the dungeon, and saw 10 of its levels.

You collected 289 gold pieces.
You spent 132 gold pieces at shops.

Inventory:

Hand Weapons
 a - a +0 hand axe (weapon)
Missiles
 n - a throwing net (quivered)
Armour
 b - a +0 animal skin
 m - a +0 ring mail
 A - a +0 chain mail
 B - a +0 plate armour (worn)
 C - a +0 pair of boots (worn)
Jewellery
 d - a +4 ring of evasion (left hand)
 k - a +4 ring of protection (right hand)
 E - an amulet of the acrobat (around neck)
Wands
 o - a wand of paralysis (11)
 x - a wand of charming (6)
 y - a wand of digging (10)
Scrolls
 c - a scroll of brand weapon {unknown}
 f - a scroll of teleportation
 j - a scroll of torment {unknown}
 l - 4 scrolls of identify
 q - a scroll of amnesia {unknown}
 s - a scroll of summoning {unknown}
 t - a scroll of immolation {unknown}
 u - a scroll of silence {unknown}
 v - a scroll of enchant armour {unknown}
 z - a scroll of enchant weapon {unknown}
Potions
 e - a potion of berserk rage {unknown}
 g - a potion of magic {unknown}
 h - a potion of resistance {unknown}
 i - 4 potions of flight
 p - 2 potions of heal wounds
 r - 5 potions of curing {unknown}
 w - a potion of ambrosia {unknown}
 D - a potion of degeneration {unknown}
 F - a potion of invisibility
 G - a potion of might {unknown}


   Skills:
 + Level 8.2 Fighting
 + Level 12.4 Axes
 + Level 9.8 Armour
 + Level 5.6 Dodging
 + Level 2.3 Stealth


You had 9 spell levels left.
You didn't know any spells.
Your spell library was empty.

Dungeon Overview and Level Annotations

Branches:
Dungeon (10/15)            Temple (0/1) D:6            Lair (0/6) D:8
    Orc (0/2) D:10

Altars:
Elyvilon
Gozag
Hepliaklqana
Makhleb
Wu Jian

Shops:
D:4 *   D:7 :*?

Annotations:
D:3 1 runed translucent door, Fulminus's ghost, amateur GrEE
D:5 3 runed translucent doors, Vivir's ghost, novice MiFi
D:7 1 runed translucent door, bignoob's ghost, novice VSIE
D:9 1 runed translucent door


Innate Abilities, Weirdness & Mutations

You have a pair of horns on your head.
You reflexively headbutt those who attack you in melee.


Message History

Your skin stops crawling.
You feel less strong-willed. The rakshasa gestures at you.
The lance of force misses you.
The rakshasa blinks!
The rakshasa gestures at you. The lance of force misses you.
The rakshasa gestures at you. The lance of force misses you.
You feel yourself speed up. The rakshasa gestures at you.
The lance of force hits you!!
* * * LOW HITPOINT WARNING * * *
You are knocked back by the lance of force.
The rakshasa gestures at you. The lance of force misses you.
The rakshasa blinks!
The rakshasa blinks!
You recover from your berserk rage.
The rakshasa gestures at you. The lance of force misses you.
The rakshasa blinks!
The rakshasa completely misses you. The rakshasa completely misses you.
The rakshasa gestures at you. The lance of force hits you.
* * * LOW HITPOINT WARNING * * *
You are knocked back by the lance of force.
You slam into the rock wall!
* * * LOW HITPOINT WARNING * * *
The rakshasa blinks!
Unknown command.
The rakshasa barely misses you. The rakshasa gestures at you.
The lance of force misses you.
The rakshasa blinks!
The rakshasa hits you but does no damage.
You see here 18 stones.
The rakshasa blinks!
The rakshasa blinks!
The rakshasa gestures at you. The lance of force hits you!
You die...

..§..........#####.........[[#
.............# #........[..####
...........### #.#.......[....#
..........R# #..............#
...........# ###............#
...........# #............#
...........#########............#
..........R§....................#
.....####.....R.@...............#
.....# #.....R.................#
.....# #......###########......#
.....# ######## #....... .....#
#....### ###### ######


You could see 3 rakshasas.

Vanquished Creatures
  2 two-headed ogres (D:9)
  A komodo dragon (D:8)
  A wraith (D:9)
  An acid dragon (D:8)
  3 water moccasins
  3 orc warriors
  A black bear (D:5)
  An ice beast (D:8)
  2 sky beasts
  A necrophage (D:7)
  An ogre (D:7)
  4 centaurs
  A phantom (D:5)
  A kobold brigand (D:8)
  3 bullfrogs
  3 scorpions (D:5)
  A wyvern zombie (D:8)
  A water moccasin zombie (D:5)
  2 water moccasin skeletons
  12 wights
  A howler monkey (D:9)
  2 centaur zombies
  2 jellies
  6 hounds
  3 orc priests
  An iguana (D:4)
  4 orc wizards
  A killer bee zombie (D:5)
  A howler monkey zombie (D:7)
  4 gnolls (D:3)
  8 adders
  A shadow imp (D:8)
  An ufetubus (D:6)
  A worm (D:3)
  2 dart slugs (D:5)
  23 orcs
  2 endoplasms
  5 giant cockroaches
  4 goblins
  4 hobgoblins
  8 kobolds
  3 quokkas
  4 ball pythons
  4 bats
  2 frilled lizards
  3 rats
145 creatures vanquished.

Vanquished Creatures (others)
  2 fungi (D:5)
  12 plants
14 creatures vanquished.

Grand Total: 159 creatures vanquished

Notes
Turn   | Place    | Note
-------+----------+-------------------------------------------
     0 | D:1      | Naukatti the Minotaur Berserker began the quest for the
                  | Orb.
     0 | D:1      | Reached XP level 1. HP: 19/19 MP: 0/0
   359 | D:1      | Reached skill level 4 in Axes
   536 | D:1      | Reached XP level 2. HP: 26/27 MP: 1/1
  1312 | D:2      | Found a faded altar of an unknown god.
  1413 | D:2      | Reached XP level 3. HP: 33/33 MP: 2/2
  1720 | D:3      | Reached XP level 4. HP: 41/41 MP: 3/3
  1723 | D:3      | Reached ** piety under Trog
  1940 | D:3      | Reached skill level 5 in Axes
  1994 | D:3      | Reached XP level 5. HP: 47/47 MP: 4/4
  2511 | D:3      | Found a white marble altar of Elyvilon.
  2534 | D:3      | Found an ornate altar of the Wu Jian Council.
  2634 | D:3      | Found a runed translucent door.
  2639 | D:3      | Noticed Fulminus's ghost (amateur GrEE)
  3034 | D:4      | Noticed a water moccasin
  3047 | D:4      | Killed a water moccasin
  3048 | D:4      | Reached skill level 5 in Fighting
  3048 | D:4      | Reached skill level 6 in Axes
  3048 | D:4      | Reached skill level 1 in Stealth
  3048 | D:4      | Reached XP level 6. HP: 56/56 MP: 5/5
  3258 | D:4      | Found an opulent altar of Gozag.
  3648 | D:4      | Found Cotwuil's Serpentskin Sales.
  3648 | D:4      | Noticed a water moccasin
  3661 | D:4      | Killed a water moccasin
  3662 | D:4      | Reached skill level 7 in Axes
  3662 | D:4      | Reached XP level 7. HP: 44/61 MP: 6/6
  3899 | D:5      | Entered Level 5 of the Dungeon
  4295 | D:5      | Found a hazy altar of Hepliaklqana.
  4512 | D:5      | Reached skill level 5 in Armour
  4709 | D:5      | Reached skill level 8 in Axes
  4733 | D:5      | Reached XP level 8. HP: 62/70 MP: 7/7
  4839 | D:5      | Found a runed translucent gate.
  4840 | D:5      | Found a runed translucent gate.
  4841 | D:5      | Found a runed translucent gate.
  4847 | D:5      | Noticed Vivir's ghost (novice MiFi)
  5747 | D:6      | Found a staircase to the Ecumenical Temple.
  5803 | D:6      | Reached skill level 9 in Axes
  5917 | D:6      | Reached skill level 5 in Dodging
  6508 | D:7      | Found Miasaiho's General Store.
  6508 | D:7      | You fall into a shaft and drop 3 floors!
  6508 | D:10     | Entered Level 10 of the Dungeon
  6577 | D:9      | Reached XP level 9. HP: 78/78 MP: 8/8
  6732 | D:9      | Found a burning altar of Makhleb.
  6780 | D:9      | Noticed a rakshasa
  6830 | D:9      | Found a runed translucent door.
  6836 | D:9      | Noticed a two-headed ogre
  6935 | D:7      | Bought a potion of heal wounds for 80 gold pieces
  6977 | D:7      | Reached skill level 10 in Axes
  7235 | D:7      | Found Cirricer's Magic Scroll Shoppe.
  7238 | D:7      | Bought a scroll of identify for 26 gold pieces
  7238 | D:7      | Bought a scroll of identify for 26 gold pieces
  7270 | D:7      | Reached *** piety under Trog
  7386 | D:7      | Found a runed translucent door.
  7386 | D:7      | Noticed bignoob's ghost (novice VSIE)
  7568 | D:7      | Found Utiqesa's Book Emporium.
  8126 | D:8      | Found a staircase to the Lair.
  8128 | D:8      | Noticed a komodo dragon
  8190 | D:8      | Killed a komodo dragon
  8489 | D:8      | Reached skill level 11 in Axes
  8782 | D:8      | Upgraded the game from 0.27.1-16-g815e20cd7a to
                  | 0.27.1-33-g824d729ab1
  8807 | D:9      | Killed a two-headed ogre
  8808 | D:9      | Reached XP level 10. HP: 86/86 MP: 9/9
  8876 | D:9      | Reached skill level 12 in Axes
  9228 | D:9      | Noticed a two-headed ogre
  9235 | D:9      | Killed a two-headed ogre
  9696 | D:9      | HP: 4/88 [rock wall collision (10)]
  9707 | D:9      | Killed from afar by a rakshasa (illusionary)

Illustrated notes

Levels and vault maps discovered:
D:1:      tarquinn_simple_flora_water_a, layout_basic
D:2:      layout_loops_ring, shapermc_ecumenical_altar_petra
D:3:      layout_loops_ring, mainiacjoe_overflow_swirl,
          ebering_ghost_reflecting_pool
D:4:      layout_cave_pools, grunt_gozag_breadcrumbs, guppyfry_shop_venom
D:5:      layout_basic, nicolae_hepliaklqana_hippocampus,
          gammafunk_ghost_nasty_kobolds
D:6:      layout_loops_cross, minmay_temple_entry_glass,
          kennysheep_generic_room_10
D:7:      layout_basic, gammafunk_ghost_grave, serial_shops, kennysheep_mini,
          nicolae_square_shop, kennysheep_mini_moat, serial_bayou_pond_a
D:8:      layout_loops_corners, david_lair_shrubbed
D:9:      layout_irregular_city, nicolae_overflow_crystal_walls,
          gammafunk_ghost_grave
D:10:     layout_roguey, mainiacjoe_overflow_catwalk, erik_orc_2

Skill      XL: |  1  2  3  4  5  6  7  8  9 10 |
---------------+-------------------------------+-----
Axes           | 4 5 6 7 8 9 11 12 | 12.4
Fighting       | 4 5 6 7 8 |  8.2
Dodging        | 3 4 5 |  5.6
Armour         | 3 4 5 7 9 |  9.8
Stealth        | 1 2 |  2.3

Action                   |  1- 3 |  4- 6 |  7- 9 | 10-12 || total
-------------------------+-------+-------+-------+-------++-------
Melee: Hand axe          |    51 |    84 |   257 |    70 ||   462
       Headbutt          |     5 |    10 |    56 |    18 ||    89
Invok: Berserk           |     1 |     3 |     9 |     3 ||    16
       Trog's Hand       |       |       |     3 |     2 ||     5
  Use: Scroll            |       |     2 |     8 |       ||    10
 Stab: Sleeping          |     1 |       |       |       ||     1
Armor: Animal skin       |     4 |     1 |       |       ||     5
       Ring mail         |       |    20 |    37 |       ||    57
       Plate armour      |       |       |    50 |    14 ||    64
       Chain mail        |       |       |     2 |       ||     2
Dodge: Dodged            |    39 |    52 |   208 |    43 ||   342
